Map: Frozen Temple

Players

Neeblet (Neeb)

  • Race: Protoss Protoss

Zest - Winner!

  • Race: Protoss Protoss

Event: 2016 WCS Global Finals

VOD

https://youtu.be/uwuFc-9-8AM

Description

Time

  • Played on: Oct. 29, 2016, 12:37 p.m.
  • Length: 14:21

All games in this series

Show
View Real Time Build Order
Export as new Build Order

Neeblet Protoss 

Build Orders:  

Get SALT Encoding   

  12  0:00  Probe (Chrono Boost)  
  13  0:11  Probe (Chrono Boost)  
  14  0:20  Pylon  
  14  0:22  Probe (Chrono Boost)  
  15  0:38  Probe (Chrono Boost)  
  15  0:39  Gateway  
  16  0:46  Assimilator  
  16  0:49  Probe (Chrono Boost)  
  17  0:52  Assimilator  
  17  0:59  Probe (Chrono Boost)  
  18  1:04  Gateway  
  18  1:10  Probe (Chrono Boost)  
  19  1:20  Probe (Chrono Boost)  
  20  1:26  Cybernetics Core  
  20  1:31  Probe (Chrono Boost)  
  21  1:36  Pylon  
  21  1:41  Probe (Chrono Boost)  
  22  1:48  Warp Gate  
  22  1:52  Probe (Chrono Boost)  
  23  2:02  Adept x2  
  23  2:04  Probe (Chrono Boost)  
  28  2:13  Pylon  
  30  2:18  Mothership Core (Chrono Boost)  
  30  2:31  Adept x2  
  34  2:52  Nexus  
  34  2:56  Probe (Chrono Boost)  
  35  3:08  Probe (Chrono Boost)  
  36  3:15  Robotics Facility  
  37  3:20  Probe (Chrono Boost)  
  37  3:28  Pylon  
  37  3:32  Probe (Chrono Boost)  
  38  3:41  Twilight Council  
  38  3:44  Probe (Chrono Boost)  
  39  3:52  Stalker x2  
  43  3:58  Immortal  
  43  4:01  Pylon  
  42  4:17  Sentry x2  
  42  4:21  Probe (Chrono Boost)  
  47  4:32  Immortal  
  51  4:44  Pylon  
  51  4:45  Pylon  
  51  4:52  Pylon  
  51  5:06  Twilight Council  
  49  5:15  Stalker x2  
  49  5:20  Gateway  
  53  5:24  Pylon  
  53  5:35  Warp Prism  
  53  5:41  Gateway  
  55  5:44  Adept  
  57  5:50  Dark Shrine  
  46  6:27  Nexus, Probe (Chrono Boost)  
  41  6:38  Probe (Chrono Boost)  
  40  6:49  Probe (Chrono Boost)  
  41  7:08  Dark Templar x3  
  41  7:09  Probe (Chrono Boost)  
  41  7:13  Dark Templar x3  
  44  7:20  Probe (Chrono Boost)  
  37  7:30  Probe (Chrono Boost)  
  38  7:41  Probe (Chrono Boost)  
  40  7:44  Probe (Chrono Boost)  
  41  7:51  Probe (Chrono Boost)  
  41  7:53  Dark Templar  
  41  7:55  Probe (Chrono Boost)  
  44  8:02  Probe (Chrono Boost)  
  44  8:05  Probe (Chrono Boost)  
  42  8:06  Dark Templar  
  42  8:12  Probe (Chrono Boost)  
  39  8:15  Stalker  
  39  8:16  Probe (Chrono Boost)  
  36  8:29  Stalker  
  36  8:30  Probe (Chrono Boost)  
  38  8:39  Archon  
  35  8:45  Stalker x2  
  39  8:58  Stalker  
  40  9:04  Probe (Chrono Boost)  
  40  9:05  Probe (Chrono Boost)  
  40  9:10  Stalker  
  40  9:15  Probe (Chrono Boost)  
  43  9:18  Probe (Chrono Boost)  
  43  9:21  Stalker  
  46  9:26  Probe (Chrono Boost)  
  47  9:35  Blink  
  47  9:37  Probe x2 (Chrono Boost)  
  45  9:48  Probe (Chrono Boost)  
  45  9:49  Probe (Chrono Boost)  
  47  9:58  Probe (Chrono Boost)  
  49  10:01  Probe (Chrono Boost)  
  48  10:09  Probe (Chrono Boost)  
  48  10:11  Pylon  
  48  10:13  Probe (Chrono Boost)  
  50  10:19  Probe (Chrono Boost)  
  50  10:20  Immortal  
  55  10:25  Probe (Chrono Boost)  
  56  10:30  Probe (Chrono Boost)  
  56  10:33  Assimilator  
  58  10:36  Assimilator  
  58  10:37  Probe (Chrono Boost)  
  58  10:39  Sentry  
  58  10:40  Probe (Chrono Boost)  
  61  10:49  Probe (Chrono Boost)  
  62  10:51  Dark Templar  
  62  10:53  Probe (Chrono Boost)  
  65  11:01  Probe (Chrono Boost)  
  66  11:04  Immortal  
  66  11:05  Probe (Chrono Boost)  
  71  11:15  Probe (Chrono Boost)  
  71  11:17  Probe (Chrono Boost)  
  73  11:27  Nexus  
  73  11:30  Probe (Chrono Boost)  
  73  11:31  Probe (Chrono Boost)  
  73  11:32  Sentry  
  75  11:40  Robotics Bay  
  75  11:44  Probe (Chrono Boost)  
  75  11:46  Observer  
  75  11:47  Probe (Chrono Boost)  
  77  11:54  Pylon  
  78  11:58  Pylon, Probe (Chrono Boost)  
  80  12:01  Probe (Chrono Boost)  
  81  12:09  Pylon  
  81  12:10  Probe (Chrono Boost)  
  81  12:14  Probe (Chrono Boost)  
  82  12:20  Robotics Facility  
  83  12:23  Probe (Chrono Boost)  
  83  12:26  Probe (Chrono Boost)  
  83  12:29  Disruptor  
  87  12:52  Nexus  
  87  12:55  Pylon  
  87  13:00  Disruptor, Sentry x2  
  87  13:02  Disruptor  
  96  13:15  Stalker  
  98  13:31  Disruptor  
  98  13:33  Disruptor  
  98  13:36  Pylon  
  98  13:39  Stalker  
  106  13:42  Stalker  
  108  13:49  Stalker  
  110  14:04  Stalker  
  110  14:07  Assimilator  
  110  14:08  Assimilator  
Show
View Real Time Build Order
Export as new Build Order

Zest Protoss - Winner!

Build Orders:  

Get SALT Encoding   

  12  0:01  Probe (Chrono Boost)  
  13  0:11  Probe (Chrono Boost)  
  14  0:17  Pylon  
  14  0:22  Probe (Chrono Boost)  
  15  0:35  Probe (Chrono Boost)  
  16  0:36  Gateway  
  16  0:41  Assimilator  
  16  0:45  Probe (Chrono Boost)  
  17  0:56  Probe (Chrono Boost)  
  18  0:57  Assimilator  
  18  1:03  Gateway  
  18  1:07  Probe (Chrono Boost)  
  19  1:17  Probe (Chrono Boost)  
  20  1:23  Cybernetics Core  
  20  1:28  Probe (Chrono Boost)  
  20  1:29  Pylon  
  21  1:38  Probe (Chrono Boost)  
  22  1:44  Warp Gate  
  22  1:49  Probe (Chrono Boost)  
  23  2:00  Adept x2  
  29  2:04  Mothership Core (Chrono Boost)  
  29  2:08  Pylon  
  29  2:27  Stalker x2  
  33  2:34  Pylon  
  33  2:46  Gateway  
  33  2:55  Gateway  
  33  3:00  Stalker  
  35  3:17  Stalker  
  37  3:51  Stalker  
  37  3:54  Stalker x3  
  45  4:03  Pylon  
  41  4:18  Adept x3  
  41  4:22  Pylon  
  41  4:24  Adept  
  49  4:29  Pylon  
  49  4:36  Stargate  
  49  4:42  Probe (Chrono Boost)  
  50  4:51  Adept  
  50  4:52  Adept  
  54  5:03  Probe (Chrono Boost)  
  55  5:19  Nexus  
  53  5:24  Phoenix  
  51  5:39  Sentry  
  51  5:42  Probe (Chrono Boost)  
  54  5:45  Phoenix  
  56  5:50  Pylon  
  56  5:56  Probe (Chrono Boost)  
  57  6:06  Robotics Facility  
  55  6:28  Probe (Chrono Boost)  
  54  6:33  Adept  
  54  6:34  Adept x3  
  60  6:41  Phoenix  
  47  7:17  Probe (Chrono Boost)  
  47  7:20  Stalker x3  
  47  7:22  Probe (Chrono Boost)  
  48  7:25  Phoenix  
  48  7:26  Adept  
  48  7:29  Observer, Probe (Chrono Boost)  
  54  7:33  Probe (Chrono Boost)  
  55  7:41  Probe (Chrono Boost)  
  56  7:46  Stalker  
  56  7:47  Stalker x2  
  56  7:49  Stalker  
  55  8:07  Probe (Chrono Boost)  
  55  8:09  Probe (Chrono Boost)  
  49  8:19  Probe x2 (Chrono Boost)  
  42  8:30  Probe (Chrono Boost)  
  42  8:31  Probe (Chrono Boost)  
  41  8:34  Immortal  
  45  8:43  Probe x2 (Chrono Boost)  
  47  8:53  Probe (Chrono Boost)  
  49  8:56  Probe (Chrono Boost)  
  49  9:09  Probe (Chrono Boost)  
  51  9:10  Probe (Chrono Boost)  
  51  9:11  Observer  
  51  9:16  Adept x2  
  56  9:22  Probe (Chrono Boost)  
  56  9:23  Probe (Chrono Boost)  
  58  9:25  Pylon  
  58  9:32  Probe (Chrono Boost)  
  58  9:35  Probe (Chrono Boost)  
  58  9:38  Immortal  
  56  9:44  Probe (Chrono Boost)  
  59  9:47  Probe (Chrono Boost)  
  59  9:48  Assimilator  
  59  9:50  Assimilator  
  60  9:54  Twilight Council  
  60  9:56  Probe (Chrono Boost)  
  62  10:00  Probe (Chrono Boost)  
  62  10:15  Immortal, Sentry  
  62  10:16  Probe (Chrono Boost)  
  62  10:18  Probe (Chrono Boost)  
  70  10:25  Sentry  
  72  10:32  Blink  
  72  10:42  Nexus  
  72  10:49  Immortal  
  72  10:54  Stalker  
  78  11:03  Stalker x2  
  82  11:08  Probe (Chrono Boost)  
  83  11:15  Pylon  
  83  11:16  Pylon, Sentry  
  85  11:31  Gateway  
  85  11:32  Gateway  
  85  11:38  Forge  
  85  11:46  Stalker x2  
  89  11:53  Probe x2 (Chrono Boost)  
  91  11:55  Immortal  
  91  11:56  Protoss Ground Weapons Level 1  
  95  12:06  Probe (Chrono Boost)  
  95  12:07  Probe x2 (Chrono Boost)  
  98  12:24  Photon Cannon  
  98  12:33  Probe (Chrono Boost)  
  98  12:35  Probe x2 (Chrono Boost)  
  101  12:42  Photon Cannon  
  101  12:54  Stalker x6  
  113  13:12  Phoenix  
  113  13:17  Warp Prism  
  117  13:21  Stalker x4  
  117  13:22  Stalker  
  117  13:26  Stalker  
  129  13:31  Pylon  
  129  13:46  Stalker x2  
  133  13:50  Pylon  
  133  13:52  Pylon  
  133  13:59  Pylon  
  133  14:03  Stalker x3  
Tags
 
Add a new tag
Caveats
  • Supply blocks, unpowered buildings, or Contaminate may cause inaccurate times.
  • Supply counts are checked every 10 seconds.